AoeStats
← ecerva.27

Oasis

510262441Analyzed
3v3 RM · 2d ago on Sep 30, 2026· 52m 13s· 6 players
Game mode
Random Map
Map size
Normal (6 player)
Population
200
Speed
Normal
Resources
Standard
Victory
Conquest
Starting age
Dark Age
Ending age
Imperial Age
RankedLock teamsTeams togetherTeam positionsShared explorationLock speedFull tech treeHidden civsTurbo modeCheats
Victory
Defeat
🇮🇱 Hindustanis · Israel
1290
+13
🇩🇪 Dravidians · Germany
1270
+13
🇨🇳 Goths · China
1160
+18
🇲🇽 Varangians · Mexico
1268
-17
🇦🇺 Japanese · Australia
1193
-14
🇨🇳 Persians · China
1169
-13
rower56
1:04 Loom
14:13 Feudal Age
15:01 Double-Bit Axe
22:21 Town Watch
25:58 Castle Age
25:10 Stone Mining
25:53 Horse Collar
26:32 Fletching
26:07 Crossbowman
28:15 Fervor
30:37 Ballistics
30:29 Bodkin Arrow
33:56 Scale Mail Armor
34:35 Pikeman
35:21 Squires
36:35 Chain Mail Armor
36:20 Padded Archer Armor
37:29 Heavy Plow
37:40 Bow Saw
41:55 Imperial Age
40:27 Anarchy
40:54 Forging
41:29 Wheelbarrow
41:26 Leather Archer Armor
42:26 Halberdier
43:08 Perfusion
43:28 Conscription
42:38 Man-at-Arms
43:59 Crop Rotation
44:30 Two-Man Saw
44:47 Chemistry
43:58 Masonry
43:29 Long Swordsman
44:22 Bracer
45:01 Iron Casting
45:08 Guilds
45:28 Coinage
44:37 Two-Handed Swordsman
47:19 Blast Furnace
47:32 Hand Cart
48:02 Elite Huskarl
Goku_San
7:21 Loom
9:38 Feudal Age
10:27 Double-Bit Axe
13:32 Scale Barding Armor
14:28 Forging
14:49 Horse Collar
15:33 Bloodlines
22:00 Castle Age
23:17 Husbandry
24:30 Wheelbarrow
24:11 Bow Saw
24:09 Heavy Plow
27:59 Chain Barding Armor
30:38 Iron Casting
31:04 Gold Mining
31:07 Stone Mining
32:32 Gold Shaft Mining
32:35 Stone Shaft Mining
32:27 Hand Cart
37:07 Imperial Age
35:16 Town Watch
37:32 Grand Trunk Road
37:11 Heavy Camel Rider
38:29 Plate Barding Armor
38:54 Blast Furnace
38:17 Conscription
39:03 Two-Man Saw
39:48 Chemistry
38:51 Imperial Camel Rider
40:36 Shatagni
40:56 Padded Archer Armor
42:23 Siege Engineers
42:51 Leather Archer Armor
44:02 Ring Archer Armor
WallyGoodberg
6:16 Loom
9:40 Feudal Age
10:18 Double-Bit Axe
10:54 Horse Collar
13:04 Fletching
22:16 Castle Age
20:57 Scale Mail Armor
21:07 Arson
21:40 Forging
22:16 Gold Mining
22:59 Bodkin Arrow
24:08 Bow Saw
23:59 Heavy Plow
26:26 Squires
26:09 Pikeman
28:37 Wheelbarrow
27:47 Town Watch
29:28 Chain Mail Armor
29:27 Stone Mining
30:44 Devotion
31:11 Hand Cart
30:42 Town Watch
36:00 Imperial Age
34:55 Iron Casting
34:57 Medical Corps
36:06 Halberdier
37:17 Plate Mail Armor
37:48 Blast Furnace
37:18 Wootz Steel
37:18 Conscription
36:29 Elite Elephant Archer
37:15 Thumb Ring
37:10 Bracer
37:24 Padded Archer Armor
39:25 Chemistry
38:46 Ballistics
40:32 Two-Man Saw
39:13 Siege Elephant
41:41 Caravan
42:27 Leather Archer Armor
41:54 Man-at-Arms
42:20 Gambesons
43:18 Long Swordsman
44:06 Two-Handed Swordsman
45:18 Ring Archer Armor
44:48 Champion
46:15 Town Patrol
48:54 Masonry
51:50 Scale Barding Armor
5720638
10:48 Feudal Age
9:54 Loom
14:30 Castle Age
13:50 Double-Bit Axe
13:46 Horse Collar
16:10 Bow Saw
23:14 Bloodlines
25:13 Wheelbarrow
24:24 Town Watch
25:21 Scale Barding Armor
25:45 Fervor
27:51 Gold Mining
27:52 Stone Mining
29:40 Gold Shaft Mining
29:41 Stone Shaft Mining
31:38 Imperial Age
29:25 Hand Cart
29:55 Forging
29:52 Town Patrol
31:00 Chain Barding Armor
31:16 Iron Casting
31:59 Cavalier
32:39 Husbandry
32:00 Light Cavalry
34:32 Chemistry
33:53 Ballistics
33:54 Conscription
35:39 Two-Man Saw
34:00 Crossbowman
34:46 Thumb Ring
35:22 Fletching
36:33 Blast Furnace
36:09 Plate Barding Armor
35:35 Padded Archer Armor
36:21 Bodkin Arrow
35:58 Elite Skirmisher
36:47 Heavy Plow
36:48 Murder Holes
37:04 Masonry
37:06 Citadels
37:29 Kamandaran
38:26 Crop Rotation
38:34 Herbal Medicine
38:52 Hussar
38:55 Capped Ram
40:30 Siege Ram
40:57 Savar
40:58 Heavy Camel Rider
ecerva.27
5:22 Loom
5:55 Loom
8:52 Feudal Age
11:21 Bloodlines
17:52 Scale Barding Armor
18:44 Forging
20:13 Wheelbarrow
19:47 Horse Collar
19:55 Double-Bit Axe
24:04 Castle Age
25:20 Iron Casting
24:48 Husbandry
24:45 Light Cavalry
27:33 Heavy Plow
29:27 Hand Cart
34:11 Chain Barding Armor
33:52 Gambesons
34:08 Squires
33:53 Arson
34:44 Gold Mining
35:53 Stone Mining
40:35 Imperial Age
37:46 Pikeman
40:27 Scale Mail Armor
40:18 Fletching
41:50 Stone Shaft Mining
40:49 Halberdier
42:02 Conscription
41:11 Vendel Legacy
42:19 Chain Mail Armor
43:04 Blast Furnace
42:20 Elite Varangian Guard
44:31 Bow Saw
46:21 Town Watch
46:11 Cavalier
48:21 Crop Rotation
dragons_rock
10:44 Feudal Age
9:20 Loom
10:45 Man-at-Arms
16:07 Horse Collar
16:14 Double-Bit Axe
19:39 Castle Age
21:14 Padded Archer Armor
23:40 Bow Saw
27:16 Husbandry
31:07 Elite Skirmisher
33:12 Thumb Ring
34:13 Yasama
35:46 Guard Tower
35:58 Fletching
37:41 Heavy Plow
37:52 Bodkin Arrow
42:54 Imperial Age
39:49 Pikeman
40:30 Squires
44:19 Parthian Tactics
Connection lost

Rejoining the realm…

Still unreachable

The connection could not be restored.

Session expired

The server has moved on; the page needs a fresh start.